Selects Advanced Infantry Battlegroup
Selects Advanced Infantry Battlegroup
Construct Weapon Support Center
M1918 Browning Automatic Rifles
Selects Convert to Ranger Squad
Selects Frontline Medical Station
Frontline Medical Station
Frontline Medical Station
Selects Ranger Weapon Training
M4(105) Sherman Bulldozer
Selects Ammunition Storage
Selects M2A1 105mm Howitzer Emplacement
M4(105) Sherman Bulldozer
Improved M9 Bazooka Rockets
Frontline Medical Station
Selects 155mm Rapid Artillery Barrage
155mm Rapid Artillery Barrage
Frontline Medical Station
155mm Rapid Artillery Barrage
M18 Hellcat Tank Destroyer
Construct Medical Station
155mm Rapid Artillery Barrage
155mm Rapid Artillery Barrage
155mm Rapid Artillery Barrage
M3 Armored Personnel Carrier
M3 Armored Personnel Carrier
155mm Rapid Artillery Barrage